 Dungeon Crawl Stone Soup version 0.30-a0-639-g3916f1956a (webtiles) character file.

Game seed: 13172208521458970977

9639 ryw the Cleaver (level 11, -12/72 HPs)
             Began as a Gargoyle Fighter on Jan 17, 2023.
             Was a High Priest of Zin.
             Mangled by a chaos spawn (16 damage)
             ... summoned by an obsidian statue
             ... on level 9 of the Dungeon.
             The game lasted 00:17:43 (8413 turns).

ryw the Cleaver (Gargoyle Fighter)                  Turns: 8413, Time: 00:17:44

Health: -12/72     AC: 23    Str: 25    XL:     11   Next: 49%
Magic:  11/11      EV: 10    Int: 16    God:    Zin [*****.]
Gold:   1334       SH:  4    Dex:  9    Spells: 10/10 levels left

rFire   . . .      SeeInvis .    z - +9 hand axe of Puontetae {holy, Str+2}
rCold   . . .      Faith    .    c - +0 buckler
rNeg    + . .      Spirit   .    b - +0 scale mail
rPois   ∞          Reflect  .    K - +2 hat {Stlth+}
rElec   +          Harm     .    O - +0 cloak
rCorr   .          Rampage  .    (no gloves)
Will    .....                    k - +2 pair of boots
Stlth   +                        v - amulet of regeneration
HPRegen 1.12/turn                l - +6 ring of intelligence
MPRegen 0.12/turn                (no ring)

@: about to teleport, attractive, mesmerised
A: sickness immunity, AC +8, negative energy resistance 1, electricity
resistance, torment resistance 1, petrification resistance
a: Renounce Religion, Recite, Vitalisation, Imprison, Sanctuary, Donate Gold


You were on level 9 of the Dungeon.
You worshipped Zin.
Zin was extremely pleased with you.
You visited 2 branches of the dungeon, and saw 10 of its levels.
You also visited: Bailey.

You collected 1482 gold pieces.
You donated 148 gold pieces to Zin.

Inventory:

Hand Weapons
 z - the +9 hand axe of Puontetae (weapon) {holy, Str+2}
   (You found it on level 5 of the Dungeon)

   Str:       It affects your strength (+2).
Missiles
 h - 17 poisoned darts
 w - 13 boomerangs (quivered)
Armour
 b - a +0 scale mail (worn)
 c - a +0 buckler (worn)
 k - a +2 pair of boots (worn)
 E - the +3 ring mail "Ocel" {Harm rPois SInv Stlth-}
   (You took it off an orc warrior in a bailey)

   rPois:     It protects you from poison.
   SInv:      It lets you see invisible.
   Harm:      It increases damage dealt and taken.
   Stlth:     It makes you less stealthy.
 K - a +2 hat of stealth (worn)
 O - a +0 cloak (worn)
Jewellery
 f - a ring of ice
 l - a +6 ring of intelligence (left hand)
 m - the amulet of Wisdom {RegenMP Will+++ rCorr Int-5 Stlth+}
   (You found it on level 3 of the Dungeon)

   [amulet of magic regeneration]

   It increases your rate of magic regeneration.
   Int:       It affects your intelligence (-5).
   rCorr:     It protects you from acid and corrosion.
   Will:      It greatly increases your willpower.
   Stlth:     It makes you more stealthy.
 v - an amulet of regeneration (around neck)
 S - a ring of see invisible
Wands
 o - a wand of mindburst (4)
 q - a wand of acid (3)
 u - a wand of polymorph (6)
 H - a wand of iceblast (12)
 J - a wand of charming (10)
 R - a wand of flame (3)
Scrolls
 g - 2 scrolls of enchant armour
 p - 3 scrolls of blinking
 t - a scroll of butterflies {unknown}
 x - 3 scrolls of noise
 y - a scroll of amnesia {unknown}
 A - a scroll of fear {unknown}
 B - 7 scrolls of teleportation
 C - a scroll of fog
 F - 2 scrolls of identify
 G - 2 scrolls of brand weapon {unknown}
 L - a scroll of vulnerability {unknown}
 M - 2 scrolls of enchant weapon {unknown}
 T - a scroll of poison
Potions
 a - 2 potions of cancellation
 d - 9 potions of flight
 e - 7 potions of curing
 i - 3 potions of brilliance
 j - 3 potions of heal wounds {unknown}
 n - 4 potions of degeneration
 s - 4 potions of lignification {unknown}
 D - 3 potions of haste {unknown}
 N - 2 potions of mutation
 P - a potion of invisibility {unknown}
Miscellaneous
 Q - a lightning rod (4/4)


   Skills:
 + Level 9.9 Fighting
 * Level 11.2 Axes
 + Level 9.9 Armour
 - Level 3.0 Dodging
 - Level 5.0 Shields


You had 10 spell levels left.
You didn't know any spells.
Your spell library contained the following spells:

 Spells                   Type           Power      Damage    Failure   Level
 Magic Dart               Conj           0%         1d3       54%         1
 Call Imp                 Summ           0%         N/A       69%         2
 Static Discharge         Conj/Air       0%         2-2/arc   69%         2
 Mephitic Cloud           Conj/Pois/Air  0%         N/A       89%         3
 Vhi's Electric Charge    Tloc/Air       0%         N/A       89%         3
 Arcjolt                  Conj/Air       0%         1d10      100%        5
 Lightning Bolt           Conj/Air       0%         1d11      100%        5


Dungeon Overview and Level Annotations

Branches:
Dungeon (9/15)             Temple (1/1) D:7            Lair (0/5) D:8
    Orc (0/2) D:9          Bailey (visited)

Altars:
Ashenzari
Cheibriados
Dithmenos
Elyvilon
Fedhas
Gozag
Hepliaklqana
Kikubaaqudgha
Makhleb
Nemelex Xobeh
Okawaru
Qazlal
Ru
Sif Muna
Trog
Uskayaw
Vehumet
Wu Jian
Xom
Yredelemnul
Zin
The Shining One

Annotations:
D:9 3 runed translucent doors, exclusion: obsidian statue


Innate Abilities, Weirdness & Mutations

You are immune to sickness and miasma.
Your stone body is resilient. (AC +8)
You are immune to poison.
You resist negative energy. (rN+)
You are resistant to electric shocks. (rElec)
You are resistant to unholy torment.
You are immune to petrification.


Message History

You hit the chaos spawn.
The chaos spawn convulses.
The chaos spawn is moderately wounded.
You hit the chaos spawn.
The chaos spawn convulses.
The chaos spawn is heavily wounded.
You hit the crimson imp but do no damage.
The chaos spawn gores you! The chaos spawn freezes you!
The crimson imp hits you but does no damage.
The obsidian statue's eyes glow briefly.
You cannot move away from the obsidian statue!
Unknown command.
Unknown command.
Unknown command.
It was a potion of magic.
Magic courses through your body. The chaos spawn hits you.
The chaos spawn freezes you! The chaos spawn hits you!
You are engulfed in flames!
The crimson imp blinks!
The shadow imp shouts, "Abandon hope, thou fobbing boil-brained skainsmate!"
It was a potion of attraction.
You feel attractive to monsters.
The chaos spawn hits you but does no damage.
The chaos spawn closely misses you.
The iron imp laughs crazily.
You block the iron imp's attack.
The obsidian statue's eyes glow briefly.
The crimson imp is attracted toward you.
As you read the scroll labelled WONGYK TOKHYO, it crumbles to dust.
You hear a loud clanging noise!
It was a scroll of noise.
The red devil disappears in a puff of smoke!
The chaos spawn gores you. The chaos spawn shocks you. You resist.
The chaos spawn misses you. The iron imp closely misses you.
As you read the scroll labelled LOANAT QYETHO, it crumbles to dust.
You feel strangely unstable.
It was a scroll of teleportation.
The chaos spawn gores you.
* * * LOW HITPOINT WARNING * * *
The chaos spawn shocks you. You resist.
* * * LOW HITPOINT WARNING * * *
The chaos spawn hits you!
* * * LOW HITPOINT WARNING * * *
The chaos spawn freezes you!
You die...

.......#.................##......
......##.#.###.....###.#.####.###
......#..............#>..........
.....##.#.#....#'#...#...####.###
.....#.......###.###.....# #....
#...##.)..(###.....###...# #####
#...#..#...#...#'#...#...# ######
##.##.##..##.###.###.##..# #.....
.#.#).##..#..#..@4.#..#..# #.####
.#.#.###.##.##.5455##.##.# #.#
..#.)....+..+..48)..+..+.# #.#
#.#...#.)##.##.§?..##.##.# #.#
#....###..# .#.....#. #..# #.#
##...# ##.## ###.### ##.## #.#
##### #..# .#+#. #..# #.# ##.###
... ###.## #.# #...###.###...#
#.#


You could see an obsidian statue (mesmerising), a rust devil (summoned), 2 chaos
spawn, an iron imp (summoned), a crimson imp (summoned) and a shadow imp
(summoned).

Vanquished Creatures
  Gastronok (D:8)
  A centaur warrior (D:9)
  A two-headed ogre (D:9)
  Pikel (D:8)
  An ugly thing (D:9)
  Maurice (D:8)
  Joseph (D:8)
  Maggie (D:7)
  A komodo dragon (D:7)
  A troll (D:9)
  2 hornets
  Prince Ribbit (D:5)
  Sigmund (D:2)
  A wyvern (D:9)
  3 steam dragons
  A water moccasin (D:5)
  8 orc warriors
  2 ice beasts
  2 black bears
  2 sky beasts
  3 centaurs (D:9)
  An ogre (D:5)
  3 lemures
  A kobold brigand (D:6)
  A phantom (D:7)
  3 bullfrogs
  2 gnoll sergeants
  3 necrophages
  4 scorpions
  6 wights
  3 electric eels (D:7)
  A howler monkey (D:9)
  A crimson imp (D:7)
  3 jellies
  3 orc priests
  5 hounds (D:5)
  Natasha (thrice) (D:2)
  2 iguanas
  Ijyb (D:4)
  3 orc wizards
  8 adders
  9 gnolls
  4 worms
  4 dart slugs
  21 orcs
  7 bats
  7 endoplasms
  4 giant cockroaches
  13 goblins
  8 hobgoblins
  3 jackals (D:2)
  14 kobolds
  3 quokkas
  5 ball pythons
  5 frilled lizards
200 creatures vanquished.

Vanquished Creatures (others)
  6 plants (D:8)
6 creatures vanquished.

Grand Total: 206 creatures vanquished

Notes
Turn   | Place    | Note
-------+----------+-------------------------------------------
     0 | D:1      | ryw the Gargoyle Fighter began the quest for the Orb.
     0 | D:1      | Reached XP level 1. HP: 14/14 MP: 1/1
    42 | D:1      | Reached skill level 2 in Axes
    56 | D:1      | Reached XP level 2. HP: 10/19 MP: 2/2
   330 | D:1      | Reached XP level 3. HP: 21/23 MP: 3/3
   650 | D:2      | Reached XP level 4. HP: 29/29 MP: 4/4
   689 | D:2      | Reached skill level 3 in Axes
   699 | D:2      | Noticed Natasha
   720 | D:2      | Killed Natasha
   742 | D:2      | Noticed Sigmund
   746 | D:2      | Noticed Natasha
   807 | D:2      | Killed Sigmund
   808 | D:2      | Reached skill level 4 in Axes
   808 | D:2      | Reached XP level 5. HP: 16/34 MP: 5/5
   808 | D:2      | Reached XP level 6. HP: 18/39 MP: 6/6
   810 | D:2      | Killed Natasha
  1092 | D:2      | Noticed Natasha
  1104 | D:2      | Killed Natasha
  1486 | D:3      | Identified the amulet of Wisdom {RegenMP Will+++ rCorr
                  | Int-5 Stlth+}
  1989 | D:3      | Reached skill level 5 in Fighting
  2187 | D:4      | Reached skill level 5 in Armour
  2187 | D:4      | Reached XP level 7. HP: 36/44 MP: 7/7
  2266 | D:4      | Reached skill level 5 in Axes
  2931 | D:5      | Entered Level 5 of the Dungeon
  3090 | D:5      | Noticed Ijyb
  3143 | D:4      | Killed Ijyb
  3390 | D:5      | Reached XP level 8. HP: 51/51 MP: 8/8
  3393 | D:5      | Found an ancient bone altar of Kikubaaqudgha.
  3407 | D:5      | Reached skill level 6 in Axes
  3434 | D:5      | Identified the +9 hand axe of Puontetae {holy, Str+2}
  3523 | D:5      | Noticed Prince Ribbit
  3530 | D:5      | Killed Prince Ribbit
  3672 | D:5      | Reached skill level 7 in Axes
  3842 | D:5      | Reached XP level 9. HP: 53/56 MP: 9/9
  3843 | D:5      | Reached skill level 1 in Dodging
  4333 | D:7      | Found a flagged portal.
  4346 | Bailey   | Entered a bailey
  4412 | Bailey   | Identified the +3 ring mail "Ocel" {Harm rPois SInv Stlth-}
  4568 | Bailey   | Reached skill level 8 in Axes
  4855 | D:7      | Found a burning altar of Makhleb.
  4895 | D:7      | Noticed a hornet
  4903 | D:7      | Killed a hornet
  5034 | D:7      | Noticed Maggie
  5065 | D:7      | Killed Maggie
  5066 | D:7      | Reached skill level 5 in Shields
  5066 | D:7      | Reached XP level 10. HP: 18/64 MP: 10/10
  5130 | D:7      | Identified the +0 scale mail "Fatec" {+Inv Int+2 Dex+3}
  5244 | D:7      | Found a staircase to the Ecumenical Temple.
  5250 | Temple   | Entered the Ecumenical Temple
  5623 | D:7      | Found a glowing silver altar of Zin.
  5624 | D:7      | Found a bloodstained altar of Trog.
  5627 | D:7      | Became a worshipper of Zin the Law-Giver
  5627 | D:7      | Reached * piety under Zin
  5627 | D:7      | Reached ** piety under Zin
  5753 | D:7      | Reached *** piety under Zin
  5843 | D:8      | Reached skill level 9 in Axes
  6005 | D:8      | Noticed Joseph
  6094 | D:8      | Killed Joseph
  6269 | D:8      | Found a staircase to the Lair.
  6371 | D:8      | Noticed Gastronok
  6445 | D:8      | Killed Gastronok
  6447 | D:8      | Reached skill level 10 in Axes
  6684 | D:8      | Noticed a boulder beetle
  6718 | D:8      | Reached **** piety under Zin
  7023 | D:9      | Noticed Pikel
  7058 | D:8      | Killed Pikel
  7080 | D:9      | Found a runed translucent door.
  7093 | D:9      | Found a runed translucent door.
  7099 | D:9      | Noticed Maurice
  7258 | D:8      | Killed Maurice
  7259 | D:8      | Reached XP level 11. HP: 60/71 MP: 11/11
  7494 | D:9      | Noticed a two-headed ogre
  7507 | D:9      | Killed a two-headed ogre
  7508 | D:9      | Noticed a centaur warrior
  7534 | D:9      | Killed a centaur warrior
  7792 | D:9      | Noticed a brown ugly thing
  7817 | D:9      | Killed a brown ugly thing
  7818 | D:9      | Reached skill level 11 in Axes
  7928 | D:9      | Found a runed translucent door.
  7967 | D:9      | Reached ***** piety under Zin
  7984 | D:9      | Found a runed translucent door.
  8121 | D:9      | Found a staircase to the Orcish Mines.
  8400 | D:9      | Noticed an obsidian statue
  8413 | D:9      | Mangled by a chaos spawn

Illustrated notes

Levels and vault maps discovered:
D:1:      dpeg_arrival_rooms_b, layout_rooms
D:2:      layout_basic, uniq_natasha, uniq_sigmund
D:3:      layout_rooms, kennysheep_doodads
D:4:      layout_rooms, grunt_ministairs_8, due_unseen_surprise
D:5:      layout_gridville, nicolae_kikubaaqudgha_miasma_corner, minivault_25,
          uniq_ijyb, uniq_prince_ribbit1
D:6:      layout_cave_pools
D:7:      layout_gridville, makhleb_grotto_becter,
          mainiacjoe_overflow_divided_tiny, minmay_temple_entry_hall,
          enter_bailey_3, minmay_misc_feat_x, kennysheep_big_empty_room,
          minmay_fractal_squares_gapless_5, uniq_maggie
D:8:      layout_layer_cave, david_lair_shrubbed, lightli_corner_chamber,
          uniq_gastronok, uniq_joseph
D:9:      minmay_the_grid_four_pointed_star [minmay_the_grid_triangle_9x9_empty,
          minmay_the_grid_triangle_9x9_empty,
          minmay_the_grid_triangle_9x9_thin_v,
          minmay_the_grid_triangle_9x9_corruption,
          minmay_the_grid_prize_big_room], layout_basic, orc_0_dummy,
          hangedman_abyss_or_decor_jellyfish_corner, minmay_misc_feat_iff,
          minmay_statue_crystal_thing, uniq_maurice, uniq_pikel
Temple:   dpeg_three_leaves_temple

Skill      XL: |  1  2  3  4  5  6  7  8  9 10 11 |
---------------+----------------------------------+-----
Axes           | 2 4 5 7 8 10 11 | 11.2
Fighting       | 4 5 6 7 9 |  9.9
Armour         | 4 5 6 7 9 |  9.9
Dodging        | 2 3 |  3.0
Shields        | 5 |  5.0

Action                   |  1- 3 |  4- 6 |  7- 9 | 10-12 || total
-------------------------+-------+-------+-------+-------++-------
Melee: War axe           |    89 |   138 |    35 |       ||   262
       Hand axe          |       |       |   274 |   248 ||   522
Throw: Dart              |       |       |    47 |       ||    47
       Boomerang         |       |       |     8 |    11 ||    19
       Throwing net      |       |       |     1 |       ||     1
Invok: Recite            |       |       |       |     2 ||     2
  Use: Potion            |     1 |       |     2 |     3 ||     6
       Scroll            |     3 |     5 |       |     6 ||    14
Armor: Scale mail        |    53 |    79 |   155 |   134 ||   421
Dodge: Dodged            |    42 |    62 |   131 |   110 ||   345
Block: Buckler           |    13 |    24 |    55 |    38 ||   130

Table legend: (Time is in decaauts)
 A = Elapsed time spent in this place.
 B = Non-inter-level travel time spent in this place.
 C = Inter-level travel time spent in this place.
 D = Time resting spent in this place.
 E = Time spent auto-exploring this place.
 F = Levels seen in this place.
 G = Mean time per level.
                   A        B        C        D        E       F      G
               +--------+--------+--------+--------+--------+-----+--------+
         Total |   8503 |   8247 |    256 |   1009 |   5065 |  11 |  773.0 |
       Dungeon |   7929 |   7674 |    255 |   1009 |   4748 |   9 |  881.0 |
        Temple |     82 |     81 |      1 |      0 |     56 |   1 |   82.0 |
        Bailey |    491 |    491 |      0 |      0 |    261 |   1 |  491.0 |
               +--------+--------+--------+--------+--------+-----+--------+

Top non-repeatable levels by time:
     D:8: 1411 daAuts
     D:9: 1104 daAuts
     D:7: 988 daAuts
     D:2: 924 daAuts
     D:3: 875 daAuts
     D:4: 780 daAuts
     D:5: 746 daAuts
     D:1: 620 daAuts
  Bailey: 491 daAuts
     D:6: 477 daAuts
  Temple: 82 daAuts
